 Dungeon Crawl Stone Soup version 0.31-b1-20-g67cafac56d (webtiles) character file.

Game seed: 7375664717159257155

3053 groovy9 the Basher (level 9, -16/59 HPs)
             Began as a Gargoyle Berserker on Jan 18, 2024.
             Was an Elder of Trog.
             Demolished by an orc warrior
             ... wielding a +0 halberd
              (27 damage)
             ... on level 8 of the Dungeon.
             The game lasted 00:20:11 (7025 turns).

groovy9 the Basher (Gargoyle Berserker)             Turns: 7025, Time: 00:20:11

Health: -16/59     AC: 23    Str: 26    XL:     9   Next: 87%
Magic:  0/9        EV:  7    Int:  7    God:    Trog [****..]
Gold:   384        SH:  0    Dex:  9    Spells: 8/8 levels left

rFire   . . .        a - +0 flail (protect)
rCold   . . .        p - orb {mayhem}
rNeg    + . .        v - +0 plate armour
rPois   ∞            (no helmet)
rElec   +            (no cloak)
rCorr   +            m - +0 pair of gloves
SInv    .            z - +1 pair of boots
Will    ++...        B - amulet of guardian spirit Stlth
                     o - ring of resist corrosion
HPRegen 1.29/turn    l - +4 ring of slaying
MPRegen 0.11/turn

%: mayhem, guardian spirit
@: strong-willed (expiring), on berserk cooldown, regenerating (expiring),
slowed, very slow
A: sickness immunity, AC +6, negative energy resistance 1, electricity
resistance, torment resistance 1, petrification resistance
a: Renounce Religion, Berserk, Trog's Hand, Brothers in Arms


You were on level 8 of the Dungeon.
You worshipped Trog.
Trog was greatly pleased with you.
You visited 2 branches of the dungeon, and saw 9 of its levels.

You collected 384 gold pieces.

Inventory:

Hand Weapons
 a - a +0 flail of protection (weapon)
 D - a +0 morningstar
Armour
 m - a +0 pair of gloves (worn)
 p - an orb of mayhem (worn)
 v - a +0 plate armour (worn)
 z - a +1 pair of boots (worn)
Jewellery
 l - a +4 ring of slaying (right hand)
 o - a ring of resist corrosion (left hand)
 y - a +5 ring of evasion
 B - an amulet of guardian spirit (around neck)
Wands
 j - a wand of flame (29)
Scrolls
 f - 3 scrolls of fear {unknown}
 h - 3 scrolls of poison {unknown}
 i - 9 scrolls of identify {unknown}
 n - a scroll of fog {unknown}
 r - a scroll of enchant weapon {unknown}
 s - 2 scrolls of enchant armour {unknown}
 t - a scroll of blinking {unknown}
 w - a scroll of vulnerability {unknown}
 E - a scroll of amnesia {unknown}
Potions
 b - a potion of cancellation {unknown}
 c - 4 potions of curing {unknown}
 d - a potion of mutation {unknown}
 e - 2 potions of enlightenment {unknown}
 g - 4 potions of resistance {unknown}
 k - a potion of brilliance {unknown}
 q - a potion of invisibility {unknown}
 u - a potion of magic {unknown}
 x - a potion of might {unknown}
 A - a potion of lignification {unknown}
 C - a potion of haste {unknown}


   Skills:
 + Level 8.1 Fighting
 * Level 10.1 Maces & Flails
 + Level 7.6 Armour
 - Level 1.5 Dodging


You had 8 spell levels left.
You didn't know any spells.
Your spell library was empty.

Dungeon Overview and Level Annotations

Branches:
Dungeon (8/15)             Temple (1/1) D:6
   Lair: D:8-11

Altars:
Ashenzari
Cheibriados
Dithmenos
Elyvilon
Fedhas
Gozag
Hepliaklqana
Kikubaaqudgha
Makhleb
Nemelex Xobeh
Okawaru
Qazlal
Sif Muna
Trog
Uskayaw
Vehumet
Wu Jian
Xom
Yredelemnul
Zin
The Shining One


Innate Abilities, Weirdness & Mutations

You are immune to sickness and miasma.
Your stone body is resilient. (AC +6)
You are immune to poison.
You resist negative energy. (rN+)
You are resistant to electric shocks. (rElec)
You are resistant to unholy torment.
You are immune to petrification.


Message History

The orc warrior is moderately wounded.
The orc warrior hits the orc with a +0 halberd!
The orc dies!
Trog accepts your kill.
The orc warrior hits you but does no damage.
The orc warrior hits the orc with a +0 halberd!!
The orc dies!
Trog accepts your kill.
You barely miss the orc warrior.
The orc warrior is moderately wounded.
The orc warrior barely misses the orc.
The orc warrior hits you with a +0 war axe!
* * * LOW HITPOINT WARNING * * *
The orc warrior hits the orc with a +0 halberd.
The orc warrior hits you with a +0 war axe.
* * * LOW HITPOINT WARNING * * *
You closely miss the orc warrior.
The orc warrior is moderately wounded.
The orc warrior barely misses the orc.
The orc warrior hits you but does no damage.
The orc warrior closely misses the orc.
The orc hits you but does no damage.
You sock the orc!
You kill the orc!
Trog accepts your kill.
The orc warrior hits the orc warrior from afar with a +0 halberd!
The orc warrior closely misses you.
The orc warrior closely misses the orc warrior.
You closely miss the orc warrior.
The orc warrior is almost dead.
The orc warrior closely misses the orc warrior.
The orc warrior hits you but does no damage.
The orc warrior hits the orc warrior from afar with a +0 halberd!
The orc warrior dies!
Trog accepts your kill.
You feel the effects of Trog's Hand fading.
The orc warrior shouts!
The orc warrior hits you but does no damage.
The orc warrior attacks as it pursues you!
The orc warrior hits you from afar with a +0 halberd!!
You die...

### #..##...####...#
##.. #......## #....#
##. #......# #....## ##
#.....## #.....# ####
##....## #.....## ##.o[
##....# #..)...####..##
#....####..##.ooo...##
##<...##))#####.)..##
##....@.o)# ######
#..##.....# ####
#.#####...#######..####
#.# ##............>..
#.## #[..#####.......
#..## #.### ########
##..####.# ##..##..#
#### ##.....# ##..#


You could see a neutral orc warrior (fast, strong, frenzied).

Vanquished Creatures
  Menkaure (D:4)
  2 water moccasins
  An ice beast (D:5)
  A sky beast (D:7)
  An orc warrior (D:5)
  An ogre (D:4)
  2 bullfrogs (D:8)
  A kobold brigand (D:7)
  A gnoll sergeant (D:7)
  6 scorpions
  3 wights (D:8)
  3 killer bees (D:8)
  2 howler monkeys
  3 bombardier beetles
  4 orc priests
  6 hounds
  3 jellies
  7 iguanas
  2 orc wizards
  2 bullfrog simulacra (D:5)
  6 gnolls
  10 adders
  2 shadow imps
  A howler monkey simulacrum (D:5)
  3 white imps
  An adder simulacrum (D:5)
  A dart slug (D:5)
  2 ribbon worms
  21 orcs
  4 bats
  2 endoplasms
  5 giant cockroaches
  8 hobgoblins
  2 jackals (D:1)
  4 quokkas
  3 ball pythons
  5 frilled lizards
  5 goblins
  11 kobolds
  5 rats
153 creatures vanquished.

Vanquished Creatures (collateral kills)
  2 orc warriors (D:8)
  A sky beast (D:7)
  A water moccasin simulacrum (D:5)
  An orc wizard (D:6)
  2 bullfrog simulacra (D:5)
  A gnoll (D:7)
  A white imp (D:5)
  The ghost of Esekla the Sneak, a weakling OpDe (D:5)
  5 orcs
  An endoplasm (D:4)
  A giant cockroach (D:4)
  2 kobolds
  A rat (D:3)
20 creatures vanquished.

Vanquished Creatures (others)
  A gnoll (D:7)
1 creature vanquished.

Grand Total: 174 creatures vanquished

Notes
Turn   | Place    | Note
-------+----------+-------------------------------------------
     0 | D:1      | groovy9 the Gargoyle Berserker began the quest for the Orb.
     0 | D:1      | Reached XP level 1. HP: 14/14 MP: 1/1
   268 | D:1      | Reached XP level 2. HP: 19/19 MP: 2/2
  1132 | D:2      | Reached XP level 3. HP: 15/23 MP: 3/3
  1748 | D:3      | Reached skill level 4 in Maces & Flails
  1748 | D:3      | Reached XP level 4. HP: 29/29 MP: 4/4
  1874 | D:3      | Reached ** piety under Trog
  2364 | D:4      | Reached XP level 5. HP: 33/33 MP: 5/5
  2488 | D:4      | Reached skill level 5 in Maces & Flails
  2490 | D:4      | Reached XP level 6. HP: 34/39 MP: 6/6
  2806 | D:4      | Reached skill level 5 in Fighting
  2857 | D:4      | Noticed Menkaure
  2865 | D:4      | Killed Menkaure
  2866 | D:4      | Reached skill level 6 in Maces & Flails
  2866 | D:4      | Reached XP level 7. HP: 40/44 MP: 7/7
  3267 | D:5      | Entered Level 5 of the Dungeon
  3315 | D:5      | Reached skill level 5 in Armour
  3466 | D:5      | Reached XP level 8. HP: 49/51 MP: 8/8
  3518 | D:5      | Reached skill level 7 in Maces & Flails
  3718 | D:5      | Noticed Esekla's ghost (weakling OpDe)
  3756 | D:5      | Found a runed translucent gate.
  3756 | D:5      | Found a runed translucent gate.
  3756 | D:5      | Found a runed translucent gate.
  4154 | D:5      | Found a hazy altar of Hepliaklqana.
  4534 | D:5      | Reached *** piety under Trog
  4537 | D:5      | Killed Esekla's ghost
  4737 | D:6      | Reached skill level 8 in Maces & Flails
  4916 | D:6      | Found a staircase to the Ecumenical Temple.
  4938 | Temple   | Entered the Ecumenical Temple
  5572 | D:7      | Reached XP level 9. HP: 56/56 MP: 9/9
  5714 | D:7      | Reached **** piety under Trog
  5771 | D:7      | Reached skill level 9 in Maces & Flails
  7009 | D:8      | Reached skill level 10 in Maces & Flails
  7020 | D:8      | HP: 2/59 [orc warrior/+0 war axe (5)]
  7025 | D:8      | Demolished by an orc warrior

Illustrated notes

Levels and vault maps discovered:
D:1:      kilobyte_arrival_exit_the_forest, layout_basic, minmay_cut_off
D:2:      layout_basic, dk_noncrumbling_3, corner_web_ring,
          hangedman_decor_slide_cut, kennysheep_generic_room_4
D:3:      layout_basic, chequers_mini_garden, grunt_ministairs_5
D:4:      minmay_razor_zed, layout_loops_cross, uniq_menkaure
D:5:      layout_basic, mainiacjoe_overflow_cross_hatched, gammafunk_ghost_icy,
          serial_bayou_crossing
D:6:      layout_gridville, minmay_temple_entry_arrows
D:7:      layout_loops_ring
D:8:      layout_layer_cave, special_room [special_room_orc]
Temple:   nicolae_temple_bog_church

Skill      XL: |  1  2  3  4  5  6  7  8  9 |
---------------+----------------------------+-----
Maces & Flails | 4 5 6 8 10 | 10.1
Fighting       | 4 5 6 8 |  8.1
Armour         | 3 4 5 6 7 |  7.6
Dodging        | |  1.5

Action                     |  1- 3 |  4- 6 |  7- 9 || total
---------------------------+-------+-------+-------++-------
  Melee: Mace              |    53 |       |       ||    53
         Flail             |    53 |    84 |   321 ||   458
 Invoke: Berserk           |     1 |     3 |     6 ||    10
         Trog's Hand       |       |       |     1 ||     1
         Brothers in Arms  |       |       |     1 ||     1
 Armour: Animal skin       |    37 |       |       ||    37
         Scale mail        |    26 |    37 |       ||    63
         Plate armour      |       |    37 |   321 ||   358
  Dodge: Dodged            |    70 |    36 |    90 ||   196
